 Dungeon Crawl Stone Soup version 0.17-a0-1164-g0ba867e (webtiles) character file.

125 KlotserJr the Slasher (level 4, -2/52 HPs)
             Began as a Demonspawn Berserker on May 28, 2015.
             Was a Priest of Trog.
             Slain by an adder (4 damage)
             ... on level 3 of the Dungeon.
             The game lasted 00:13:29 (2572 turns).

KlotserJr the Slasher (Demonspawn Berserker)        Turns: 2572, Time: 00:13:29

Health: -2/52      AC:  5    Str: 22    XL:     4   Next: 82%
Magic:  4/4        EV: 13    Int:  9    God:    Trog [***...]
Gold:   79         SH:  2    Dex: 13    Spells: 0 memorised, 3 levels left

rFire  . . .     SeeInvis .     a - +0 falchion
rCold  . . .     Clarity  .     j - +0 leather armour
rNeg   + . .     SustAt   .     (no shield)
rPois  .         Gourm    .     (no helmet)
rElec  .         Spirit   .     (no cloak)
rCorr  .         Warding  .     (no gloves)
rMut   .         Stasis   .     (no boots)
MR     .....                    (no amulet)
Stlth  ..........               (no ring)
                                f - ring of positive energy

@: berserking, very quick, not resistant to hostile enchantments, extremely
unstealthy
A: large bone plates 1
a: Burn Spellbooks, Berserk, Trog's Hand, Renounce Religion


You were on level 3 of the Dungeon.
You worshipped Trog.
Trog was most pleased with you.
You were not hungry.

You visited 1 branch of the dungeon, and saw 3 of its levels.

You collected 79 gold pieces.

Inventory:

Hand weapons
 a - a +0 falchion (weapon)
Armour
 j - a +0 leather armour (worn)
 k - a +0 leather armour
Jewellery
 f - a ring of positive energy (left hand)
Scrolls
 e - a scroll of fog {unknown}
Potions
 d - a potion of haste
Comestibles
 b - 3 chunks of flesh
 c - 3 bread rations
 g - 5 fruits


   Skills:
 - Level 3.1 Fighting
 + Level 3.8 Long Blades
 - Level 1.8 Armour
 + Level 3.0 Dodging
 + Level 1.8 Stealth


You had 3 spell levels left.
You didn't know any spells.

Dungeon Overview and Level Annotations

Branches:
Dungeon (3/15)

Altars:
Elyvilon

Annotations:
D:3 KlotserJr's ghost, weakling SpWr


Innate Abilities, Weirdness & Mutations

You are partially covered in large bone plates (AC +2, SH +2).


Message History

You feel sick. You block the adder's attack.
The kobold throws a stone.
The stone completely misses you.
You feel sick. The adder completely misses you.
There are monsters nearby!
The adder bites you.
* * * LOW HITPOINT WARNING * * *
An adder is nearby!
* * * LOW HITPOINT WARNING * * *
You feel sick.
You are no longer poisoned.
The adder bites you but does no damage.
Use which ability? (? or * to list)
A red film seems to cover your vision as you go berserk!
You feel yourself moving faster!
You feel mighty!
You feel somewhat more hungry. The adder misses you.
You hit the adder.
The adder is moderately wounded.
The adder bites you.
You die...

........###......# ....#####
#......# ... ....#
###....###..
....######..........## ..
...##......##.#......###.##
..#........##.........#.....
#.#........#............>..#
.<.........#................#
................@...........#
.................S..........#
......<......##...K..#.....#
.............###.......##.#
......###..#.#####........#
...##..............##..(..#
### #######........##.....#
#.....##........#
'...#######..)..#


You could see an adder and a kobold.

Vanquished Creatures
  An orc wizard (D:3)
  2 adders
  An ooze (D:2)
  A worm (D:2)
  2 giant geckos (D:2)
  6 orcs
  2 giant cockroaches (D:1)
  5 goblins
  5 hobgoblins
  3 jackals (D:2)
  9 kobolds
  A quokka (D:2)
  11 bats
  7 giant newts
  5 rats
61 creatures vanquished.

Notes
Turn   | Place    | Note
--------------------------------------------------------------
     0 | D:1      | KlotserJr the Demonspawn Berserker began the quest for the Orb.
     0 | D:1      | Reached XP level 1. HP: 18/18 MP: 1/1
   154 | D:1      | Gained mutation: You are partially covered in large bone plates (AC +2, SH +2). [demonic ancestry]
   154 | D:1      | Reached XP level 2. HP: 17/24 MP: 2/2
   599 | D:1      | Acquired Trog's second power
   879 | D:2      | Reached XP level 3. HP: 24/29 MP: 3/3
   903 | D:2      | Reached skill level 1 in Stealth
  1339 | D:2      | Found a white marble altar of Elyvilon.
  1700 | D:3      | Reached XP level 4. HP: 30/35 MP: 4/4
  2348 | D:3      | Noticed KlotserJr's ghost (weakling SpWr)
  2567 | D:3      | HP: 1/35 [poisoned by an adder]
  2572 | D:3      | Slain by an adder

Vault maps used:
D:1:      saegor_arrival_simple_b, hangedman_decor_opposing, roderic_lattice_a
D:2:      lemuel_doored_altar
D:3:      gammafunk_temple_overflow_elements, lightli_corner_chamber,
          uniq_purgy, uniq_terence

Action                   |  1- 3 |  4- 6 || total
-------------------------+-------+-------++-------
Melee: Falchion          |   171 |    54 ||   225
Invok: Berserk           |     2 |     3 ||     5
  Use: Scroll            |     6 |       ||     6
       Potion            |     1 |       ||     1
  Eat: Chunk             |     4 |     1 ||     5
       Meat ration       |       |     1 ||     1
